TOP OF THE 1ST |
Birmingham Steeldogs batting - Pitching for Kalamazoo Royale with Cheese : RHP Eric Richards
|
Pitching: RHP Eric Richards
|
|
Batting: RHB Nick Webb
|
0-0: Called Strike 0-1: SINGLE (Groundball, 56D) (infield hit)
|
Batting: LHB Mitchell Oglethorpe
|
0-0: Ball 1-0: Foul Ball, location: 2F 1-1: Foul Ball, location: 2F 1-2: Grounds into double play, 4-6-3 (Groundball, 4)
|
Batting: LHB Chris Miller
|
0-0: Swinging Strike 0-1: Ball 1-1: Swinging Strike 1-2: Ball 2-2: SOLO HOME RUN (Flyball, 89XD), Distance : 421 ft
|
Batting: LHB Arturo Molina
|
0-0: Ball 1-0: Swinging Strike 1-1: Foul Ball, location: 2F 1-2: Foul Ball, location: 2F 1-2: Ground out 6-3 (Groundball, 6M)
|
Top of the 1st over - 1 run(s), 2 hit(s), 0 error(s), 0 left on base; Birmingham 1 - Kalamazoo 0 |
BOTTOM OF THE 1ST |
Kalamazoo Royale with Cheese batting - Pitching for Birmingham Steeldogs : RHP Barton Johnson
|
Pitching: RHP Barton Johnson
|
|
Batting: RHB Fernando Martínez
|
0-0: Called Strike 0-1: Ground out 4-3 (Groundball, 4)
|
Batting: LHB Robinson Fernández
|
0-0: Ball 1-0: Fly out, F7 (Flyball, 7M)
|
Batting: LHB William Ruffo
|
0-0: Ball 1-0: Called Strike 1-1: Called Strike 1-2: Strikes out swinging
|
Bottom of the 1st over - 0 run(s), 0 hit(s), 0 error(s), 0 left on base; Birmingham 1 - Kalamazoo 0 |
TOP OF THE 2ND |
Birmingham Steeldogs batting - Pitching for Kalamazoo Royale with Cheese : RHP Eric Richards
|
Batting: RHB Raúl Soto
|
0-0: Foul Ball, location: 2F 0-1: Foul Ball, location: 2F 0-2: Strikes out swinging
|
Batting: LHB José Martínez
|
0-0: Ball 1-0: Ball 2-0: Foul Ball, location: 2F 2-1: Foul Ball, location: 2F 2-2: Foul Ball, location: 2F 2-2: Strikes out looking
|
Batting: RHB Carlos García
|
0-0: Ball 1-0: Foul Ball, location: 2F 1-1: Swinging Strike 1-2: Ball 2-2: Ground out 4-3 (Groundball, 4)
|
Top of the 2nd over - 0 run(s), 0 hit(s), 0 error(s), 0 left on base; Birmingham 1 - Kalamazoo 0 |
BOTTOM OF THE 2ND |
Kalamazoo Royale with Cheese batting - Pitching for Birmingham Steeldogs : RHP Barton Johnson
|
Batting: LHB Seung-woo Yi
|
0-0: Called Strike 0-1: Ground out 6-3 (Groundball, 6)
|
Batting: RHB Run-ming Zhu
|
0-0: Foul Ball, location: 2F 0-1: Swinging Strike 0-2: Foul Ball, location: 2F 0-2: Foul Ball, location: 2F 0-2: Strikes out swinging
|
Batting: LHB David Richardson
|
0-0: Ball 1-0: Ball 2-0: Foul Ball, location: 2F 2-1: Swinging Strike 2-2: SINGLE (Groundball, 6MD)
|
Batting: RHB Miguel Encarnación
|
0-0: Called Strike 0-1: Foul Ball, location: 2F 0-2: Ball 1-2: Ball 2-2: Foul Ball, location: 2F 2-2: Strikes out swinging
|
Bottom of the 2nd over - 0 run(s), 1 hit(s), 0 error(s), 1 left on base; Birmingham 1 - Kalamazoo 0 |
TOP OF THE 3RD |
Birmingham Steeldogs batting - Pitching for Kalamazoo Royale with Cheese : RHP Eric Richards
|
Batting: LHB Ben Kelley
|
0-0: Ground out 3-1 (Groundball, 34)
|
Batting: RHB Jean-Paul St-Pierre
|
0-0: Ball 1-0: Swinging Strike 1-1: Ground out 5-3 (Groundball, 56S)
|
Batting: RHB Nick Webb
|
0-0: Called Strike 0-1: Fly out, F9 (Flyball, 9M)
|
Top of the 3rd over - 0 run(s), 0 hit(s), 0 error(s), 0 left on base; Birmingham 1 - Kalamazoo 0 |
BOTTOM OF THE 3RD |
Kalamazoo Royale with Cheese batting - Pitching for Birmingham Steeldogs : RHP Barton Johnson
|
Batting: RHB Jorge Márquez
|
0-0: Ball 1-0: Ball 2-0: Ball 3-0: Called Strike 3-1: Base on Balls
|
Batting: RHB Andy Aiton
|
0-0: Ball 1-0: Foul Ball, location: 2F 1-1: Swinging Strike 1-2: Foul Ball, location: 2F 1-2: Strikes out swinging
|
Batting: RHB Fernando Martínez
|
0-0: SINGLE (Groundball, 6MD) Jorge Márquez to second
|
Batting: LHB Robinson Fernández
|
0-0: Called Strike 0-1: Foul Ball, location: 2F 0-2: Ball 1-2: 3-RUN HOME RUN (Flyball, 9D), Distance : 364 ft
|
Batting: LHB William Ruffo
|
0-0: Fly out, F5 (Line Drive, 5S)
|
Batting: LHB Seung-woo Yi
|
0-0: Called Strike 0-1: Ball 1-1: Ball 2-1: SINGLE (Groundball, 6MD)
|
Batting: RHB Run-ming Zhu
|
0-0: Fly out, F9 (Line Drive, 9M)
|
Bottom of the 3rd over - 3 run(s), 3 hit(s), 0 error(s), 1 left on base; Birmingham 1 - Kalamazoo 3 |
TOP OF THE 4TH |
Birmingham Steeldogs batting - Pitching for Kalamazoo Royale with Cheese : RHP Eric Richards
|
Batting: LHB Mitchell Oglethorpe
|
0-0: Called Strike 0-1: Ball 1-1: Swinging Strike 1-2: Ball 2-2: Strikes out swinging
|
Batting: LHB Chris Miller
|
0-0: Ground out 6-3 (Groundball, 6)
|
Batting: LHB Arturo Molina
|
0-0: Foul Ball, location: 2F 0-1: Ball 1-1: SINGLE (Groundball, 3L)
|
Batting: RHB Raúl Soto
|
0-0: Foul Ball, location: 2F 0-1: Foul Ball, location: 2F 0-2: Ground out 6-3 (Groundball, 6)
|
Top of the 4th over - 0 run(s), 1 hit(s), 0 error(s), 1 left on base; Birmingham 1 - Kalamazoo 3 |
BOTTOM OF THE 4TH |
Kalamazoo Royale with Cheese batting - Pitching for Birmingham Steeldogs : RHP Barton Johnson
|
Batting: LHB David Richardson
|
0-0: Ball 1-0: Ball 2-0: Called Strike 2-1: Ground out 4-3 (Groundball, 4MS)
|
Batting: RHB Miguel Encarnación
|
0-0: Ball 1-0: Ground out 6-3 (Groundball, 6)
|
Batting: RHB Jorge Márquez
|
0-0: Ball 1-0: Ball 2-0: Foul Ball, location: 2F 2-1: Called Strike 2-2: SINGLE (Line Drive, 4MD)
|
Batting: RHB Andy Aiton
|
0-0: Ball 1-0: Ball 2-0: Foul Ball, location: 2F 2-1: Foul Ball, location: 2F 2-2: Foul Ball, location: 2F 2-2: Strikes out swinging
|
Bottom of the 4th over - 0 run(s), 1 hit(s), 0 error(s), 1 left on base; Birmingham 1 - Kalamazoo 3 |
TOP OF THE 5TH |
Birmingham Steeldogs batting - Pitching for Kalamazoo Royale with Cheese : RHP Eric Richards
|
Batting: LHB José Martínez
|
0-0: Called Strike 0-1: Foul Ball, location: 2F 0-2: Strikes out swinging
|
Batting: RHB Carlos García
|
0-0: Ball 1-0: Ball 2-0: Fly out, F8 (Flyball, 8LM)
|
Batting: LHB Ben Kelley
|
0-0: Ball 1-0: Ball 2-0: Swinging Strike 2-1: Called Strike 2-2: Foul Ball, location: 2F 2-2: Strikes out swinging
|
Top of the 5th over - 0 run(s), 0 hit(s), 0 error(s), 0 left on base; Birmingham 1 - Kalamazoo 3 |
BOTTOM OF THE 5TH |
Kalamazoo Royale with Cheese batting - Pitching for Birmingham Steeldogs : RHP Barton Johnson
|
Batting: RHB Fernando Martínez
|
0-0: Called Strike 0-1: Called Strike 0-2: Fly out, F8 (Flyball, 8LD)
|
Batting: LHB Robinson Fernández
|
0-0: Foul Ball, location: 2F 0-1: Ball 1-1: Ball 2-1: SOLO HOME RUN (Flyball, 78XD), Distance : 439 ft
|
Batting: LHB William Ruffo
|
0-0: Ball 1-0: Fly out, F7 (Flyball, 78M)
|
Batting: LHB Seung-woo Yi
|
0-0: Called Strike 0-1: Ground out 5-3 (Groundball, 56)
|
Bottom of the 5th over - 1 run(s), 1 hit(s), 0 error(s), 0 left on base; Birmingham 1 - Kalamazoo 4 |
TOP OF THE 6TH |
Birmingham Steeldogs batting - Pitching for Kalamazoo Royale with Cheese : RHP Eric Richards
|
Batting: RHB Jean-Paul St-Pierre
|
0-0: SINGLE (Groundball, 56D)
|
Batting: RHB Nick Webb
|
0-0: Called Strike Jean-Paul St-Pierre is caught stealing 2nd base 0-1: Foul Ball, location: 2F 0-2: Ball 1-2: Foul Ball, location: 2F 1-2: Reached on error, E4 (Groundball, 4)
|
Batting: LHB Mitchell Oglethorpe
|
0-0: Ball 1-0: Called Strike 1-1: Foul Ball, location: 2F 1-2: Fly out, F7 (Popup, 7LS)
|
Batting: LHB Chris Miller
|
0-0: Called Strike 0-1: SINGLE (Groundball, 6MD) Nick Webb to second Runner from 2nd tries for 3rd, SAFE, no throw or cutoff
|
Batting: LHB Arturo Molina
|
0-0: Ball 1-0: Foul Ball, location: 2F 1-1: Called Strike 1-2: Strikes out swinging
|
Top of the 6th over - 0 run(s), 2 hit(s), 1 error(s), 2 left on base; Birmingham 1 - Kalamazoo 4 |
BOTTOM OF THE 6TH |
Kalamazoo Royale with Cheese batting - Pitching for Birmingham Steeldogs : RHP Barton Johnson
|
Batting: RHB Run-ming Zhu
|
0-0: Ball 1-0: Foul Ball, location: 2F 1-1: Foul Ball, location: 2F 1-2: Foul Ball, location: 2F 1-2: Fly out, F7 (Flyball, 78S)
|
Batting: LHB David Richardson
|
0-0: Called Strike 0-1: Ball 1-1: Foul Ball, location: 2F 1-2: Foul Ball, location: 2F 1-2: Ball 2-2: Foul Ball, location: 2F 2-2: Strikes out swinging
|
Batting: RHB Miguel Encarnación
|
0-0: Swinging Strike 0-1: Ball 1-1: Ball 2-1: Foul Ball, location: 2F 2-2: Foul Ball, location: 2F 2-2: Strikes out looking
|
Bottom of the 6th over - 0 run(s), 0 hit(s), 0 error(s), 0 left on base; Birmingham 1 - Kalamazoo 4 |
TOP OF THE 7TH |
Birmingham Steeldogs batting - Pitching for Kalamazoo Royale with Cheese : RHP Eric Richards
|
Batting: RHB Raúl Soto
|
0-0: Called Strike 0-1: SINGLE (Flyball, 6MD)
|
Batting: LHB José Martínez
|
0-0: Swinging Strike 0-1: Ball 1-1: Swinging Strike 1-2: Ball 2-2: Ball 3-2: Foul Ball, location: 2F 3-2: Foul Ball, location: 2F 3-2: Strikes out swinging Raúl Soto is caught stealing 2nd base Batter strikes out.
|
Batting: RHB Carlos García
|
0-0: Swinging Strike 0-1: Foul Ball, location: 2F 0-2: SOLO HOME RUN (Flyball, 9LD), Distance : 363 ft
|
Batting: LHB Ben Kelley
|
0-0: Foul Ball, location: 2F 0-1: Fly out, F7 (Flyball, 7LMF)
|
Top of the 7th over - 1 run(s), 2 hit(s), 0 error(s), 0 left on base; Birmingham 2 - Kalamazoo 4 |
BOTTOM OF THE 7TH |
Kalamazoo Royale with Cheese batting - Pitching for Birmingham Steeldogs : RHP Barton Johnson
|
Batting: RHB Jorge Márquez
|
0-0: Called Strike 0-1: SINGLE (Groundball, 5D)
|
Batting: RHB Andy Aiton
|
0-0: Ball 1-0: Called Strike 1-1: Sac Bunt - play at first, batter OUT! 5-4 Jorge Márquez to second
|
Batting: RHB Fernando Martínez
|
0-0: Ball 1-0: Called Strike 1-1: Foul Ball, location: 2F 1-2: Strikes out looking
|
Batting: LHB Robinson Fernández
|
0-0: Ball 1-0: Ball 2-0: Ball 3-0: Base on Balls
|
Batting: LHB William Ruffo
|
0-0: Ball 1-0: Foul Ball, location: 2F 1-1: SINGLE (Groundball, 34D) Jorge Márquez to third Robinson Fernández to second Runner from 3rd tries for Home, SAFE, throw made at trailing runner, OUT at third!
|
Bottom of the 7th over - 1 run(s), 2 hit(s), 0 error(s), 1 left on base; Birmingham 2 - Kalamazoo 5 |
TOP OF THE 8TH |
Birmingham Steeldogs batting - Pitching for Kalamazoo Royale with Cheese : RHP Eric Richards
|
Batting: RHB Jean-Paul St-Pierre
|
0-0: Foul Ball, location: 2F 0-1: Called Strike 0-2: Ball 1-2: Foul Ball, location: 2F 1-2: Ball 2-2: Strikes out swinging, 2-3 out at first.
|
Pitching: RHP Roberto Ledesma
|
|
Batting: RHB Nick Webb
|
0-0: Called Strike 0-1: Ball 1-1: Swinging Strike 1-2: Strikes out looking
|
Batting: LHB Mitchell Oglethorpe
|
0-0: Foul Ball, location: 2F 0-1: Ball 1-1: Ball 2-1: Swinging Strike 2-2: Foul Ball, location: 2F 2-2: Foul Ball, location: 2F 2-2: Ball 3-2: Ground out 5-3 (Groundball, 56)
|
Top of the 8th over - 0 run(s), 0 hit(s), 0 error(s), 0 left on base; Birmingham 2 - Kalamazoo 5 |
BOTTOM OF THE 8TH |
Kalamazoo Royale with Cheese batting - Pitching for Birmingham Steeldogs : RHP Barton Johnson
|
Pitching: RHP César López
|
|
Batting: LHB Seung-woo Yi
|
0-0: Ball 1-0: Ball 2-0: Ball 3-0: Called Strike 3-1: Base on Balls
|
Batting: RHB Run-ming Zhu
|
0-0: SINGLE (Groundball, 56) Seung-woo Yi to second
|
Batting: LHB David Richardson
|
0-0: Called Strike 0-1: Foul Ball, location: 2F 0-2: Foul Ball, location: 2F 0-2: Foul Ball, location: 2F 0-2: Foul Ball, location: 2F 0-2: Ball 1-2: Ball 2-2: Ball 3-2: Foul Ball, location: 2F 3-2: Strikes out swinging
|
Batting: RHB Miguel Encarnación
|
0-0: Swinging Strike 0-1: Ball 1-1: Ball 2-1: Swinging Strike 2-2: Strikes out swinging
|
Batting: RHB Jorge Márquez
|
0-0: Ball 1-0: Called Strike 1-1: SINGLE (Groundball, 6MD) Seung-woo Yi to third Run-ming Zhu to second Runner from 3rd tries for Home, SAFE, no throw or cutoff
|
Batting: RHB Andy Aiton
|
0-0: Ball 1-0: Ball 2-0: Called Strike 2-1: Fly out, F8 (Flyball, 8RD)
|
Bottom of the 8th over - 1 run(s), 2 hit(s), 0 error(s), 2 left on base; Birmingham 2 - Kalamazoo 6 |
TOP OF THE 9TH |
Birmingham Steeldogs batting - Pitching for Kalamazoo Royale with Cheese : RHP Roberto Ledesma
|
Batting: LHB Chris Miller
|
0-0: Ball 1-0: Called Strike 1-1: Swinging Strike 1-2: Ground out 6-3 (Groundball, 6M)
|
Batting: LHB Arturo Molina
|
0-0: Called Strike 0-1: Ball 1-1: Ball 2-1: Called Strike 2-2: Ball 3-2: Base on Balls
|
Batting: RHB Raúl Soto
|
0-0: Foul Ball, location: 2F 0-1: Foul Ball, location: 2F 0-2: Ball 1-2: Strikes out looking
|
Batting: LHB José Martínez
|
0-0: Foul Ball, location: 2F 0-1: Called Strike 0-2: Ball 1-2: Ball 2-2: Strikes out swinging
|
Top of the 9th over - 0 run(s), 0 hit(s), 0 error(s), 1 left on base; Birmingham 2 - Kalamazoo 6 |
|